 Dungeon Crawl Stone Soup version 0.22.1-5-g62c59d919a (webtiles) character file.

89 Riddle the Charmwright (level 4, 0/23 HPs)
             Began as a Vine Stalker Skald on Jan 15, 2019.
             Slain by an orc wizard
             ... wielding a +0 dagger
              (3 damage)
             ... on level 3 of the Dungeon.
             The game lasted 00:05:27 (2598 turns).

Riddle the Charmwright (Vine Stalker Skald)         Turns: 2598, Time: 00:05:28

Health: 0/23       AC:  3    Str: 15    XL:     4   Next: 55%
Magic:  0/9        EV: 12    Int: 13    God:
Gold:   170        SH:  0    Dex: 13    Spells: 5/9 levels left

rFire    . . .     SeeInvis .   a - +0 short sword
rCold    . . .     Gourm    .   (no shield)
rNeg     . . .     Faith    .   b - +0 leather armour
rPois    .         Spirit   +   (no helmet)
rElec    .         Reflect  .   (no cloak)
rCorr    .         Harm     .   (no gloves)
MR       .....                  (no boots)
Stlth    +.........             (no amulet)
HPRegen  0.47/turn              (no ring)
MPRegen  0.11/turn              (no ring)

@: infused
A: fangs 2, regeneration 1, magic shield, antimagic bite, no potion heal 3, rot
immunity
a: no special abilities


You were on level 3 of the Dungeon.
You were not hungry.

You visited 1 branch of the dungeon, and saw 3 of its levels.

You collected 170 gold pieces.

Inventory:

Hand Weapons
 a - a +0 short sword (weapon)
Armour
 b - a +0 leather armour (worn)
Wands
 m - a wand of paralysis (7)
 q - a wand of acid (13)
Scrolls
 e - a scroll of remove curse
 i - a scroll of enchant armour {unknown}
 k - a scroll of magic mapping
 n - a scroll of immolation {unknown}
 o - a scroll of teleportation {unknown}
Potions
 g - a potion of lignification {unknown}
 j - 2 potions of agility {unknown}
 l - a potion of curing {unknown}
 p - a potion of degeneration {unknown}
 r - a potion of haste {unknown}
 s - a potion of cancellation {unknown}
Comestibles
 c - 6 chunks of flesh
 d - 4 rations


   Skills:
 + Level 2.7 Fighting
 - Level 1.7 Short Blades
 - Level 2.0 Armour
 - Level 1.5 Dodging
 - Level 3.0 Spellcasting
 - Level 3.0 Charms
 + Level 1.1 Necromancy


You had 5 spell levels left.
You knew the following spells:

 Your Spells              Type           Power        Failure   Level  Hunger
a - Infusion              Chrm           #...         9%          1    #......
b - Regeneration          Chrm/Necr      #.........   36%         3    ###....

Your spell library contained the following spells:

 Spells                   Type           Power        Failure   Level  Hunger
 Song of Slaying          Chrm           #.......     12%         2    ###....
 Shroud of Golubria       Chrm/Tloc      #.........   22%         2    ###....
 Spectral Weapon          Hex/Chrm       #.......     41%         3    ###....


Dungeon Overview and Level Annotations

Branches:
Dungeon (3/15)

Altars:
Xom

Portals:
Sewer: D:3


Innate Abilities, Weirdness & Mutations

You have extremely sharp teeth.
Your natural rate of healing is unusually fast.
When hurt, damage is shared between your health and your magic reserves.
Your bite disrupts and absorbs the magic of your enemies.
Potions cannot restore your health.
You are immune to rotting.


Message History

You miss something. Your bite misses something.
You hear the slow rusting of a distant drain.
Something hits you but does no damage.
You miss something. Something hits you but does no damage.
Casting: Infusion (safe; 9% risk of failure)
Confirm with . or Enter, or press ? or * to list all spells.
You begin infusing your attacks with magical energy.
You hear some strange, mumbled words.
A puff of flame appears from out of thin air!
The puff of flame hits you! Something hits you but does no damage.
Something hits you.
You hit something but do no damage. Your bite misses something.
You hear some strange, mumbled words.
A magic dart appears from out of thin air!
The magic dart hits you!
* * * LOW HITPOINT WARNING * * *
Something hits you.
* * * LOW HITPOINT WARNING * * *
You closely miss something. Your bite misses something. Something hits you.
You die...

#....### *,,* *,**,,,,,
########..#...# #..# *,,*,,,,,
..............#####..## *...,,.,,
..............##......# #..#..,,,
..........#...##......# #..#.#+#*
####.#.#..#...#*,.....###..#.#.##
..........#...#***#..............
####.#.#..#...#####...###........
..............).@{oo.........#≈.g
####.#.#......#####.#.##.....≈≈≈≈
***#..........# *.....##...#≈≈≈≈≈
,,,...........# #.#.####.g..≈≈≈≈≈
*****,.#>.....#*#...........≈≈≈∩≈
**,,,,.........,...........≈≈≈≈≈≈
,,,,,,.........##...#.##.>.#≈o≈≈≈
**,**,,##.####,*#.....,......≈≈≈≈
,,,,,,,,,<,***,**,...,#......#...


You could see 2 orcs.

Vanquished Creatures
  An ooze (D:1)
  6 worms
  2 dart slugs
  3 ball pythons
  5 giant cockroaches (D:1)
  6 goblins
  11 hobgoblins
  4 jackals (D:2)
  A quokka (D:2)
  4 bats
  3 frilled lizards
  8 kobolds
  4 rats
58 creatures vanquished.

Notes
Turn   | Place    | Note
-------+----------+-------------------------------------------
     0 | D:1      | Riddle the Vine Stalker Skald began the quest for the Orb.
     0 | D:1      | Reached XP level 1. HP: 11/11 MP: 4/4
    23 | D:1      | Reached skill level 1 in Armour
   170 | D:1      | Reached XP level 2. HP: 15/15 MP: 0/6
   661 | D:1      | Reached XP level 3. HP: 18/18 MP: 5/8
  1394 | D:2      | Learned a level 3 spell: Regeneration
  1533 | D:2      | Found a shimmering altar of Xom.
  1884 | D:2      | Gained mutation: Your natural rate of healing is unusually
                  | fast. [Vine Stalker growth]
  1884 | D:2      | Reached XP level 4. HP: 14/23 MP: 3/9
  2473 | D:3      | Reached skill level 1 in Necromancy
  2548 | D:3      | Found a glowing drain.
  2598 | D:3      | Slain by an orc wizard

Skill      XL: |  1  2  3  4 |
---------------+-------------+-----
Armour         | 1 2 |  2.0
Fighting       | 2 |  2.7
Spellcasting   | 3 |  3.0
Necromancy     | 1 |  1.1
Short Blades   | |  1.7
Dodging        | |  1.5
Charms         | |  3.0

Action                   |  1- 3 |  4- 6 || total
-------------------------+-------+-------++-------
Melee: Short sword       |   109 |    79 ||   188
       Bite              |    23 |    16 ||    39
 Cast: Infusion          |    20 |     8 ||    28
  Use: Scroll            |       |     4 ||     4
  Eat: Chunk             |     3 |     3 ||     6
Armor: Leather armour    |    29 |    17 ||    46
Dodge: Dodged            |    61 |    38 ||    99
